 Dungeon Crawl Stone Soup version 0.30.1-11-g7821555f0a (webtiles) character file.

Game seed: 13573778857777763841

99091 JimboTheBarbarian the Executioner (level 15, -8/155 HPs)
             Began as a Minotaur Berserker on Nov 10, 2023.
             Was a High Priest of Trog.
             Mangled by a +5 dire flail of protection (23 damage)
             ... on level 2 of the Elven Halls.
             The game lasted 01:48:47 (23503 turns).

JimboTheBarbarian the Executioner (MiBe)           Turns: 23503, Time: 01:48:47

Health: -8/155     AC: 26    Str: 35    XL:     15   Next: 76%
Magic:  0/14       EV: 17    Int:  4    God:    Trog [*****.]
Gold:   1459       SH:  0    Dex: 10    Spells: 14/14 levels left

rFire   . . .        C - +4 battleaxe (spect)
rCold   . . .        (shield currently unavailable)
rNeg    . . .        l - +1 plate armour
rPois   +            V - +0 hat
rElec   .            N - +2 cloak {rPois}
rCorr   .            h - +0 pair of gloves
SInv    .            T - +2 pair of boots {rampage}
Will    +++..        e - amulet of guardian spirit Stlth
                     s - +6 ring of strength
HPRegen 1.45/turn    S - +5 ring of evasion
MPRegen 0.14/turn

%: guardian spirit, rampage
@: strong-willed, on berserk cooldown, regenerating, slowed, studying Short
Blades, very slow
A: horns 2, retaliatory headbutt, robust 1, wild magic 1
a: Renounce Religion, Berserk, Trog's Hand, Brothers in Arms


You were on level 2 of the Elven Halls.
You worshipped Trog.
Trog was extremely pleased with you.
You visited 4 branches of the dungeon, and saw 23 of its levels.

You collected 1841 gold pieces.
You spent 382 gold pieces at shops.

Inventory:

Hand Weapons
 C - a +4 spectral battleaxe (weapon)
 R - the +6 morningstar "Totzem" {speed, rElec rCorr}
   (You found it on level 5 of the Lair of Beasts)

   rElec:     It insulates you from electricity.
   rCorr:     It protects you from acid and corrosion.
 W - a +1 heavy morningstar
 Y - a +2 war axe of flaming
Missiles
 q - 7 poisoned darts
 G - 2 curare-tipped darts
 M - 11 boomerangs (quivered)
 U - 3 atropa-tipped darts
Armour
 h - a +0 pair of gloves (worn)
 l - a +1 plate armour (worn)
 E - a +0 buckler
 N - a +2 cloak of poison resistance (worn)
 T - a +2 pair of boots of rampaging (worn)
 V - a +0 hat (worn)
Jewellery
 e - an amulet of guardian spirit (around neck)
 g - a ring of resist corrosion
 s - a +6 ring of strength (left hand)
 K - a ring of willpower
 L - an amulet of faith
 S - a +5 ring of evasion (right hand)
 Z - a ring of flight
Wands
 z - a wand of flame (26)
 D - a wand of quicksilver (4)
 Q - a wand of mindburst (6)
 X - a wand of charming (4)
Scrolls
 c - 2 scrolls of fog
 d - 2 scrolls of fear
 k - a scroll of teleportation
 m - 2 scrolls of magic mapping
 n - 2 scrolls of immolation
 r - 3 scrolls of blinking
 t - 2 scrolls of amnesia
 u - 2 scrolls of butterflies
 y - 4 scrolls of poison
 H - a scroll of torment
 I - a scroll of vulnerability
 J - a scroll of silence
 P - 6 scrolls of identify
Potions
 a - a potion of berserk rage
 b - a potion of brilliance
 f - 7 potions of ambrosia
 i - a potion of invisibility
 j - 7 potions of attraction
 o - 6 potions of might
 p - 3 potions of curing
 v - 2 potions of lignification
 w - a potion of haste
 x - 3 potions of flight
 A - a potion of cancellation
 F - 2 potions of mutation
 O - 2 potions of magic


   Skills:
 * Level 15.2 Fighting
 - Level 24.2 Axes
 * Level 15.0 Armour
 + Level 10.1 Dodging


You had 14 spell levels left.
You didn't know any spells.
Your spell library was empty.

Dungeon Overview and Level Annotations

Branches:
Dungeon (14/15)            Temple (0/1) D:7            Lair (5/5) D:10
 Shoals (0/4) Lair:2       Spider (0/4) Lair:3        Slime (0/5) Lair:5
    Orc (2/2) D:11            Elf (2/3) Orc:2
 Vaults: D:13-14

Altars:
Ashenzari
Cheibriados
Dithmenos
Elyvilon
Fedhas
Hepliaklqana
Makhleb
Qazlal
Ru
Sif Muna
Trog
Wu Jian
The Shining One
Jiyva

Shops:
D:3 (   D:4 *   D:5 [   D:11 (=:   Orc:2 !(!=   Elf:2 :

Portals:
Bailey: D:8

Annotations:
D:5 2 transporters, bmack86's ghost, novice MiFi
D:7 2 transporters, hawkwood's ghost, novice DgAr
D:11 3 runed translucent doors, coolio's ghost, journeyman DsCj
D:14 Agnes
Lair:4 1 runed translucent door
Lair:5 exclusions: ice statue and obsidian statue
Orc:1 Sonja
Elf:1 2 transporters, Varewnug's ghost, adept HuVM


Innate Abilities, Weirdness & Mutations

You have a pair of horns on your head.
You reflexively headbutt those who attack you in melee.
You are robust. (+10% HP)
Your spells are a little harder to cast, but a little more powerful.


Message History

The +4 glaive of venom hits you but does no damage.
The +4 glaive of venom hits you from afar!!
* * * LOW HITPOINT WARNING * * *
Your deep troll goes berserk!
Your surroundings suddenly seem different.
A deep elf knight and a +2 quick blade of flaming come into view.
You feel very sick.
The deep elf knight shouts!
You hear a shout!
A +5 dire flail of protection comes into view.
A +0 heavy long sword comes into view.
The deep elf knight casts a spell.
The deep elf knight seems to speed up.
The +2 quick blade of flaming moves out of view.
There are monsters nearby!
There are monsters nearby!
There are monsters nearby!
There are monsters nearby!
There are monsters nearby!
A +1 war axe of flaming comes into view.
You feel very sick.
The +5 dire flail of protection hits you!
* * * LOW HITPOINT WARNING * * *
You feel better.
The +5 dire flail of protection barely misses you.
You hear a shout!
A +1 antimagic battleaxe comes into view.
The deep elf knight hits you but does no damage.
The +5 dire flail of protection hits you but does no damage.
A deep elf zephyrmancer comes into view.
It is wielding a +0 short sword.
Your skin crawls.
You feel strong-willed.
The +5 dire flail of protection hits you but does no damage.
The deep elf knight hits you but does no damage.
The +5 dire flail of protection hits you.
* * * LOW HITPOINT WARNING * * *
The deep elf knight hits you but does no damage.
The deep elf zephyrmancer casts a spell.
The deep elf zephyrmancer blinks!
The +5 dire flail of protection hits you!!
You die...

........ .
........ ..
..(..... ...###
........ ..#...#
......ยง.
.#.....#(.......
#......(#......#
......(@e#
........e.#
...###.....# #
#######


You could see a deep elf knight (fast), a deep elf zephyrmancer and 4 dancing
weapons.

Vanquished Creatures
  A deep elf elementalist (Elf:1)
  A deep elf demonologist (Elf:1)
  5 dire elephants (Lair:5)
  A deep elf death mage (Elf:2)
  An entropy weaver (shapeshifter) (Elf:1)
  An ogre mage (D:13)
  2 centaur warriors (D:13)
  2 boulder beetles (D:11)
  5 hydras
  7 two-headed ogres
  5 dancing weapons
  5 orc high priests (Orc:2)
  8 death yaks
  6 deep elf knights
  3 skysharks
  A spectral anaconda (Lair:5)
  2 spectral death yaks (Lair:5)
  An orb spider (Lair:3)
  2 ugly things
  10 orc knights
  2 deep elf archers (Elf:2)
  3 necromancers (Lair:5)
  15 deep elf pyromancers
  2 manticores
  3 cyclopes
  13 deep elf zephyrmancers
  Maurice (D:9)
  20 elephants
  4 black mambas
  2 dire elephant zombies (Lair:5)
  A gargoyle (D:11)
  A rime drake (Lair:2)
  A torpor snail (Lair:4)
  2 kobold demonologists (D:11)
  9 cane toads
  11 komodo dragons
  A queen bee (Lair:3)
  2 polar bears (Lair:5)
  A merfolk (Lair:2)
  2 trolls
  A hornet (D:9)
  15 blink frogs
  A spectral elephant (Lair:5)
  2 water elementals
  3 shadows
  Sigmund (D:5)
  3 wraiths
  2 wyverns
  Eustachio (D:5)
  60 yaks
  3 basilisks
  A steam dragon (D:8)
  Menkaure (D:5)
  A spectral cane toad (Lair:5)
  6 vampire mosquitoes
  2 wargs
  14 water moccasins
  2 acid dragons
  Duvessa (D:5)
  A black bear (D:6)
  9 ice beasts (Lair:5)
  28 orc warriors
  3 elephant zombies (Lair:5)
  10 ogres
  12 centaurs
  5 wolves (Lair:5)
  An elephant skeleton (Lair:5)
  A phantom (D:5)
  2 kobold brigands
  10 bullfrogs
  An earth elemental (Elf:2)
  2 scorpions
  Dowan (D:5)
  5 wights (D:6)
  An elephant simulacrum (Lair:5)
  20 killer bees
  5 howler monkeys
  2 electric eels (Lair:4)
  23 orc priests
  2 gnoll boudas
  3 hounds
  4 iguanas
  A sleepcap (D:5)
  18 orc wizards
  8 hell rats
  14 gnolls
  9 adders
  2 shadow imps
  2 white imps (Lair:5)
  2 ufetubi
  3 worms
  3 dart slugs
  72 orcs
  9 endoplasms
  4 giant cockroaches
  8 goblins
  10 hobgoblins
  4 jackals (D:2)
  4 quokkas
  6 ball pythons
  10 bats
  5 frilled lizards
  19 kobolds
  13 rats
  A butterfly (Lair:4)
663 creatures vanquished.

Vanquished Creatures (collateral kills)
  A swamp worm (shapeshifter) (D:13)
1 creature vanquished.

Grand Total: 664 creatures vanquished

Notes
Turn   | Place    | Note
-------+----------+-------------------------------------------
     0 | D:1      | JimboTheBarbarian the Minotaur Berserker began the quest
                  | for the Orb.
     0 | D:1      | Reached XP level 1. HP: 19/19 MP: 0/0
    72 | D:1      | Reached XP level 2. HP: 27/27 MP: 1/1
   169 | D:1      | Reached skill level 4 in Axes
   574 | D:2      | Reached ** piety under Trog
   581 | D:2      | Reached XP level 3. HP: 29/33 MP: 2/2
   766 | D:2      | Reached skill level 5 in Axes
   900 | D:2      | Reached XP level 4. HP: 40/40 MP: 3/3
  1180 | D:2      | Found a faded altar of an unknown god.
  1418 | D:3      | Reached skill level 6 in Axes
  1529 | D:3      | Reached XP level 5. HP: 40/46 MP: 4/4
  1779 | D:3      | Found a shadowy altar of Dithmenos.
  1920 | D:3      | Found Edennil's Weapon Shop.
  2024 | D:3      | Identified the +1 helmet of Okawaru's Condemnation {Str+6}
  2069 | D:3      | Reached skill level 7 in Axes
  2591 | D:4      | Reached XP level 6. HP: 52/52 MP: 5/5
  2596 | D:4      | Reached *** piety under Trog
  2597 | D:4      | Reached skill level 8 in Axes
  2826 | D:4      | Found Roly's Assorted Antiques.
  2871 | D:4      | Found a stormy altar of Qazlal.
  3132 | D:5      | Entered Level 5 of the Dungeon
  3150 | D:5      | Reached skill level 9 in Axes
  3152 | D:5      | Reached XP level 7. HP: 44/58 MP: 6/6
  3170 | D:5      | Noticed Sigmund
  3279 | D:5      | Killed Sigmund
  3280 | D:5      | Reached skill level 10 in Axes
  3298 | D:5      | Found a broken altar of Ashenzari.
  3516 | D:5      | Noticed Duvessa
  3516 | D:5      | Noticed Dowan
  3522 | D:5      | Killed Dowan
  3523 | D:5      | Reached skill level 11 in Axes
  3530 | D:5      | Killed Duvessa
  3739 | D:5      | Found Bestae Viste's Antique Armour Emporium.
  3814 | D:5      | Reached XP level 8. HP: 66/66 MP: 7/7
  3863 | D:5      | Noticed Eustachio
  3892 | D:5      | Killed Eustachio
  3893 | D:5      | Reached skill level 12 in Axes
  3912 | D:5      | Noticed Menkaure
  3922 | D:5      | Killed Menkaure
  4209 | D:5      | Noticed bmack86's ghost (novice MiFi)
  4269 | D:5      | Found a transporter.
  4270 | D:5      | Found a transporter.
  4357 | D:5      | Noticed a two-headed ogre
  4365 | D:5      | Killed a two-headed ogre
  4366 | D:5      | Reached skill level 14 in Axes
  4470 | D:5      | Reached XP level 9. HP: 71/71 MP: 8/8
  4709 | D:6      | Identified the +2 morningstar "Deilyl" {heavy, Dex+3}
  5347 | D:6      | Reached skill level 15 in Axes
  5831 | D:7      | Found a transporter.
  6100 | D:7      | Noticed hawkwood's ghost (novice DgAr)
  6113 | D:7      | Found a transporter.
  6169 | D:7      | Identified the +5 ring mail of Patience {rPois Int+5
                  | Stlth-}
  6311 | D:7      | Found a staircase to the Ecumenical Temple.
  6546 | D:8      | Found a flagged portal.
  6548 | D:8      | Found a blossoming altar of Fedhas.
  6556 | D:8      | Reached skill level 16 in Axes
  6556 | D:8      | Noticed a two-headed ogre
  6566 | D:8      | Killed a two-headed ogre
  6567 | D:8      | Reached skill level 17 in Axes
  6567 | D:8      | Reached XP level 10. HP: 78/78 MP: 9/9
  6583 | D:8      | Found a shimmering blue altar of Sif Muna.
  6583 | D:8      | Found a burning altar of Makhleb.
  6701 | D:8      | Reached skill level 18 in Axes
  6792 | D:8      | Found a glowing golden altar of the Shining One.
  7098 | D:9      | Found a white marble altar of Elyvilon.
  7331 | D:9      | Reached skill level 19 in Axes
  7336 | D:9      | Reached **** piety under Trog
  7409 | D:9      | Noticed a two-headed ogre
  7414 | D:9      | Killed a two-headed ogre
  7415 | D:9      | Reached XP level 11. HP: 83/83 MP: 10/10
  7504 | D:9      | Found an ornate altar of the Wu Jian Council.
  7598 | D:9      | Found a bloodstained altar of Trog.
  7722 | D:9      | Noticed Maurice
  7747 | D:9      | Killed Maurice
  7782 | D:9      | Found a snail-covered altar of Cheibriados.
  8494 | D:10     | Entered Level 10 of the Dungeon
  8501 | D:10     | Reached skill level 20 in Axes
  8815 | D:10     | Found a sacrificial altar of Ru.
  8832 | D:10     | Noticed a death yak
  8833 | D:10     | Noticed a death yak
  8836 | D:10     | Noticed a death yak
  8838 | D:10     | Killed a death yak
  8839 | D:10     | Found a staircase to the Lair.
  8842 | D:10     | Killed a death yak
  8848 | D:10     | Killed a death yak
  8849 | D:10     | Reached skill level 21 in Axes
  8924 | D:10     | Found a hazy altar of Hepliaklqana.
  8944 | Lair:1   | Entered Level 1 of the Lair of Beasts
  9373 | Lair:1   | Reached skill level 22 in Axes
 10084 | D:10     | Reached XP level 12. HP: 91/91 MP: 11/11
 11011 | Lair:2   | Noticed a five-headed hydra
 11281 | D:11     | Noticed a boulder beetle
 11301 | D:11     | Reached skill level 23 in Axes
 11308 | D:11     | Killed a boulder beetle
 11719 | D:11     | Noticed a boulder beetle
 11812 | D:11     | Killed a boulder beetle
 11930 | D:11     | Found a runed translucent gate.
 11930 | D:11     | Found a runed translucent gate.
 11930 | D:11     | Found a runed translucent gate.
 11952 | D:11     | Noticed coolio's ghost (journeyman DsCj)
 12367 | D:11     | Found Acsuhoaf's Book Shop.
 12367 | D:11     | Found Weucyfea's Jewellery Boutique.
 12368 | D:11     | Found Kedulete's Antique Weapon Emporium.
 12866 | D:11     | Found a staircase to the Orcish Mines.
 13312 | Lair:2   | Reached skill level 24 in Axes
 13368 | Lair:2   | Found a staircase to the Shoals.
 13709 | Lair:2   | Noticed a seven-headed hydra
 13714 | Lair:2   | Killed a seven-headed hydra
 13886 | Lair:3   | Noticed an eight-headed hydra
 13958 | Lair:3   | Killed a ten-headed hydra
 13963 | Lair:3   | Reached skill level 5 in Fighting
 14207 | Lair:3   | Reached skill level 5 in Armour
 14207 | Lair:3   | Reached XP level 13. HP: 97/102 MP: 12/12
 14563 | Lair:3   | Found a hole to the Spider Nest.
 15238 | Lair:4   | Reached skill level 5 in Dodging
 15571 | Lair:4   | Identified the +0 leather armour of Dawn {rC+ Regen+ Str-4
                  | Dex+5}
 15573 | Lair:4   | Found a runed translucent door.
 16762 | D:11     | Gained mutation: You have sharp toenails. [potion of
                  | mutation]
 16762 | D:11     | Gained mutation: Your magical capacity is low. (-10% MP)
                  | [potion of mutation]
 16762 | D:11     | Gained mutation: You are somewhat resistant to further
                  | mutation. [potion of mutation]
 16763 | D:11     | Lost mutation: You are somewhat resistant to further
                  | mutation. [potion of mutation]
 16763 | D:11     | Lost mutation: You have sharp toenails. [potion of
                  | mutation]
 16763 | D:11     | Lost mutation: Your magical capacity is low. (-10% MP)
                  | [potion of mutation]
 16763 | D:11     | Gained mutation: You are dopey. (Int -2) [potion of
                  | mutation]
 16763 | D:11     | Gained mutation: You are agile. (Dex +4, Str/Int -1)
                  | [potion of mutation]
 16766 | D:11     | Lost mutation: You are agile. (Dex +4, Str/Int -1) [potion
                  | of mutation]
 16766 | D:11     | Lost mutation: You are dopey. (Int -2) [potion of mutation]
 16766 | D:11     | Gained mutation: You expend magic power (3 MP) to
                  | strengthen your wands. [potion of mutation]
 16767 | D:11     | Lost mutation: You expend magic power (3 MP) to strengthen
                  | your wands. [potion of mutation]
 16767 | D:11     | Gained mutation: You are robust. (+10% HP) [potion of
                  | mutation]
 16767 | D:11     | Gained mutation: Your spells are a little harder to cast,
                  | but a little more powerful. [potion of mutation]
 17360 | D:12     | Reached skill level 10 in Fighting
 17611 | D:13     | Reached XP level 14. HP: 133/133 MP: 13/13
 17816 | D:13     | Reached skill level 10 in Armour
 18293 | D:13     | Found a blossoming altar of Fedhas.
 18505 | D:14     | Noticed Agnes
 18756 | Lair:5   | Entered Level 5 of the Lair of Beasts
 18756 | Lair:5   | Found a viscous altar of Jiyva.
 18756 | Lair:5   | Found a staircase to the Slime Pits.
 18768 | Lair:5   | Identified the +9 long sword of the Unkillable {flame,
                  | Will- Dex+10 SInv}
 19625 | Lair:5   | Identified the +6 morningstar "Totzem" {speed, rElec rCorr}
 20179 | Orc:1    | Entered Level 1 of the Orcish Mines
 20360 | Orc:2    | Entered Level 2 of the Orcish Mines
 20564 | Orc:2    | Reached XP level 15. HP: 67/149 MP: 6/14
 20592 | Orc:1    | Noticed Sonja
 20966 | Orc:2    | Found a staircase to the Elven Halls.
 21232 | Orc:2    | Found Wudeo's Distillery.
 21235 | Orc:2    | Found Vepei's Distillery.
 21236 | Orc:2    | Found Bal Wuconn's Jewellery Shoppe.
 21237 | Orc:2    | Found Rownogupt's Weapon Emporium.
 21240 | Orc:2    | Bought a ring of flight for 262 gold pieces
 21247 | Orc:2    | Bought a potion of heal wounds for 60 gold pieces
 21247 | Orc:2    | Bought a potion of heal wounds for 60 gold pieces
 21475 | Elf:1    | Entered Level 1 of the Elven Halls
 21488 | Elf:1    | Reached ***** piety under Trog
 22297 | Elf:1    | Identified the +3 flail of the Feather {heavy, Int+3}
 22508 | Elf:1    | Found a transporter.
 22509 | Elf:1    | Noticed a deep elf blademaster
 22517 | Elf:1    | Noticed a deep elf blademaster
 22520 | Elf:1    | Noticed a deep elf blademaster
 22564 | Elf:1    | Found a transporter.
 22565 | Elf:1    | Identified the +5 flail of Extremism {venom, *Rage rElec
                  | rC+ Dex+8}
 22622 | Elf:1    | Found a bloodstained altar of Trog.
 22623 | Elf:1    | Noticed a deep elf blademaster
 22626 | Elf:1    | Noticed Varewnug's ghost (adept HuVM)
 23080 | Elf:2    | Reached skill level 15 in Fighting
 23275 | Elf:2    | Reached skill level 10 in Dodging
 23278 | Elf:2    | Found Neme's Book Shoppe.
 23481 | Elf:2    | Received a gift from Trog
 23482 | Elf:2    | Reached skill level 15 in Armour
 23501 | Elf:2    | HP: 6/155 [+5 dire flail of protection (6)]
 23503 | Elf:2    | Mangled by a +5 dire flail of protection

Illustrated notes

Levels and vault maps discovered:
D:1:      giann_forest_graveyard, layout_basic
D:2:      minmay_skewed_foursquare, layout_rooms,
          ebering_ecumenical_altar_petrified, minmay_between
D:3:      layout_loops_ring, nicolae_dithmenos_through_a_glass_darkly,
          serial_shops, nicolae_shop_advertising_works
          [nicolae_subvault_shop_adworks]
D:4:      layout_loops_ring, mainiacjoe_overflow_catwalk, serial_shops,
          nicolae_shop_crystal
D:5:      layout_basic, nicolae_overflow_crystal_walls, serial_shops, shop,
          gammafunk_ghost_gnarly_gnolls, minmay_manual_macuahuitl, uniq_duvessa,
          uniq_sigmund, uniq_eustachio, uniq_menkaure
D:6:      layout_loops_ring, minmay_misc_feat_x
D:7:      layout_cave_pools, minmay_temple_entry_offerings, gammafunk_ghost_hive
D:8:      layout_rooms, grunt_temple_overflow_open, tso_oasis_becter,
          enter_bailey_2
D:9:      layout_layer_cave, overflow_temple_1_default, slow_altar_2,
          mainiacjoe_overflow_small_starburst, lightli_temple_of_fire,
          uniq_maurice
D:10:     layout_rooms, nicolae_hepliaklqana_hazy_memory,
          mainiacjoe_overflow_paths, dpeg_lair_monsters
D:11:     layout_loops_ring, david_orc_4, gammafunk_ghost_icy,
          nicolae_wooded_promenade
D:12:     layout_rooms
D:13:     layout_rooms, fedhas_altar_2
D:14:     layout_small_grid, david_vaults_4, serial_shops, nicolae_square_shop,
          minmay_holes, uniq_agnes, uniq_azrael
Lair:1:   layout_cave_pods
Lair:2:   layout_regular_city, elwin_shoals_entry_rooms,
          dreamdust_gnoll_shepherd, infiniplex_staircase_pool_2
Lair:3:   layout_gridlike, nicolae_spider_entry_orb_guardian, special_room
          [special_room_bee]
Lair:4:   dreamdust_labyrinth, layout_regular_city, grunt_megastairs_2,
          serial_bayou_shore_b, serial_bayou_shore_a, lemuel_fruit_fields,
          infiniplex_staircase_pool
Lair:5:   due_jungle_book, layout_gridlike, slime_entry_1, ice2_lemuel
Orc:1:    layout_caves, uniq_sonja
Orc:2:    st_orc_pillars, layout_diamond_mine
Elf:1:    elf_arrival_002, layout_geoelf_grid,
          gammafunk_ghost_wrathful_warriors, minmay_elf_demonology
Elf:2:    nicolae_elf_blades_splatter_lattice
          [nicolae_blade_entry_splitting_headache], layout_geoelf_octagon,
          serial_shops, shop, serial_corexii_hall,
          chequers_hall_statues_corner_a, corexii_hall_statues_t,
          chequers_hall_statues_corner_a, corexii_hall_statues_l

Skill      XL: |  1  2  3  4  5  6  7  8  9 10 11 12 13 14 15 |
---------------+----------------------------------------------+-----
Axes           | 4 5 6 7 9 11 14 17 19 22 24 | 24.2
Fighting       | 5 10 13 15 | 15.2
Armour         | 5 9 13 15 | 15.0
Dodging        | 3 6 8 10 | 10.1

Action                     |  1- 3 |  4- 6 |  7- 9 | 10-12 | 13-15 || total
---------------------------+-------+-------+-------+-------+-------++-------
  Melee: Hand axe          |    71 |   137 |   165 |       |       ||   373
         Headbutt          |     5 |    19 |    28 |    56 |   115 ||   223
         Punch             |       |     1 |     4 |       |       ||     5
         Battleaxe         |       |       |    10 |   296 |   475 ||   781
         Morningstar       |       |       |       |     2 |     9 ||    11
  Throw: Dart              |       |       |       |     3 |       ||     3
 Invoke: Berserk           |     4 |     9 |    16 |    36 |    35 ||   100
         Trog's Hand       |     1 |       |     3 |     7 |    11 ||    22
         Brothers in Arms  |       |       |       |       |     2 ||     2
    Use: Scroll            |       |       |    10 |    20 |     6 ||    36
         Potion            |       |       |     3 |     4 |     7 ||    14
   Stab: Distracted        |       |       |       |     2 |     3 ||     5
 Armour: Animal skin       |     4 |       |       |       |       ||     4
         Scale mail        |    13 |    55 |    10 |       |       ||    78
         Chain mail        |       |       |    36 |       |       ||    36
         Plate armour      |       |       |    11 |   108 |   210 ||   329
  Dodge: Dodged            |    40 |    53 |    74 |    75 |   146 ||   388
  Block: Buckler           |       |       |    13 |       |       ||    13
